 Dungeon Crawl Stone Soup version 0.24.0-125-gc4c63601f3 (webtiles) character file.

Game seed: 12066010749152415811, levelgen mode: deterministic

39 H0rd4k the Charlatan (level 3, 0/26 HPs)
             Began as a Human Artificer on Mar 17, 2020.
             Succumbed to an adder's poison
             ... on level 2 of the Dungeon.
             The game lasted 00:01:08 (612 turns).

H0rd4k the Charlatan (Human Artificer)               Turns: 612, Time: 00:01:09

Health: 0/26       AC:  3    Str: 13    XL:     3   Next: 67%
Magic:  5/5        EV: 12    Int: 11    God:
Gold:   23         SH:  0    Dex: 13    Spells: 2/2 levels left

rFire    . . .     SeeInvis .   m - +0 long sword
rCold    . . .     Gourm    .   (no shield)
rNeg     . . .     Faith    .   b - +0 leather armour
rPois    .         Spirit   .   (no helmet)
rElec    .         Reflect  .   (no cloak)
rCorr    .         Harm     .   (no gloves)
MR       .....                  (no boots)
Stlth    +.........             (no amulet)
HPRegen  0.08/turn              (no ring)
MPRegen  0.09/turn              (no ring)

@: lethally poisoned (0 -> -2)
A: no striking features
a: no special abilities


You were on level 2 of the Dungeon.
You were not hungry.

You visited 1 branch of the dungeon, and saw 2 of its levels.

You collected 23 gold pieces.

Inventory:

Hand Weapons
 a - a +0 short sword
 m - a +0 long sword (weapon)
Armour
 b - a +0 leather armour (worn)
Wands
 c - a wand of flame (8)
 d - a wand of enslavement (12)
 e - a wand of random effects (15)
Scrolls
 g - a scroll of random uselessness {unknown}
 h - a scroll of immolation {unknown}
 i - a scroll of identify {unknown}
 j - a scroll of remove curse {unknown}
 k - a scroll of fear {unknown}
 l - a scroll of teleportation {unknown}
 n - a scroll of blinking {unknown}
 o - a scroll of magic mapping {unknown}
Comestibles
 f - 2 rations


   Skills:
 + Level 1.2 Fighting
 + Level 1.4 Short Blades
 + Level 1.1 Armour
 + Level 2.2 Dodging
 + Level 1.0 Stealth
 + Level 3.6 Evocations


You had 2 spell levels left.
You didn't know any spells.
Your spell library was empty.

Dungeon Overview and Level Annotations

Branches:
Dungeon (2/15)

Altars:
Ru


Message History

Your adder barely misses the hobgoblin.
The hobgoblin barely misses your adder.
Your adder misses the hobgoblin.
You aren't carrying any potions.
Your adder bites the hobgoblin but does no damage.
The hobgoblin closely misses your adder.
Your adder bites the hobgoblin.
* * * LOW HITPOINT WARNING * * *
You feel sick. The hobgoblin misses your adder.
Your adder barely misses the hobgoblin.
You see here a bat corpse.
The hobgoblin closely misses your adder.
Your adder closely misses the hobgoblin.
Your adder barely misses something.
Something hits your adder.
Your adder barely misses something.
* * * LOW HITPOINT WARNING * * *
You feel sick.
There is an escape hatch in the floor here.
* * * LOW HITPOINT WARNING * * *
You feel sick.
You feel a bit more experienced.
You die...

#$# ## #.# ..
#.# .# #
#.##########.#
#
#.........Sg..
.
#....†..####.#
#. #####
#>#####.# ..
.# #...#####.#
#.# .. ..
##...@....#
#.# .. .. .
#..####### #.#
.. .. .# #.##
#.# #. .#.#
#.# #.# . #.#
#.# .# .# #<#
## ###
#)####### ####
#.# #.....(.#
...####.#
#########.#


There were no monsters in sight!

Vanquished Creatures
  2 adders (D:2)
  An ooze (D:2)
  2 goblins (D:1)
  2 hobgoblins (D:1)
  A kobold (D:2)
  4 bats
  A frilled lizard (D:1)
  3 rats
16 creatures vanquished.

Vanquished Creatures (collateral kills)
  2 hobgoblins
  A frilled lizard (D:1)
  A rat (D:1)
4 creatures vanquished.

Grand Total: 20 creatures vanquished

Notes
Turn   | Place    | Note
-------+----------+-------------------------------------------
     0 | D:1      | H0rd4k the Human Artificer began the quest for the Orb.
     0 | D:1      | Reached XP level 1. HP: 15/15 MP: 3/3
    81 | D:1      | Reached XP level 2. HP: 21/21 MP: 4/4
   197 | D:2      | Found a sacrificial altar of Ru.
   405 | D:2      | Reached XP level 3. HP: 26/26 MP: 5/5
   475 | D:2      | Reached skill level 1 in Armour
   608 | D:2      | HP: 1/26 [poisoned by an adder]
   612 | D:2      | Succumbed to an adder's poison

Levels and vault maps discovered:
D:1:      dpeg_arrival_round_c, layout_basic
D:2:      lemuel_upstairs_altar, layout_loops_ring, nicolae_ru_awakened_eye,
          uniq_crazy_yiuf_cottage

Skill      XL: |  1  2  3 |
---------------+----------+-----
Armour         | 1 |  1.1
Fighting       | |  1.2
Short Blades   | |  1.4
Dodging        | |  2.2
Stealth        | |  1.0
Evocations     | |  3.6

Action                   || total
-------------------------++-------
Melee: Short sword       ||    29
       Long sword        ||     9
Evoke: Wand              ||    10
Armor: Leather armour    ||    19
Dodge: Dodged            ||    39
       Rpst.: Long sword ||     5
